 Dungeon Sprint DCSS version 0.28.0-43-g3370ac3207 (webtiles) character file.

Game seed: 13894059023097784666

26 DungeonDestroyer the Shield-Bearer (level 2, -5/26 HPs)
             Began as a Demigod Fighter on Feb 27, 2022.
             Slain by a troll (10 damage)
             ... in the Dungeon (Sprint IX: "|||||||||||||||||||||||||||||").
             The game lasted 00:01:43 (458 turns).

DungeonDestroyer the Shield-Bearer (Demigod Fighter) Turns: 458, Time: 00:01:43

Health: -5/26      AC: 13    Str: 17    XL:     2   Next: 69%
Magic:  5/5        EV:  7    Int: 10    God:
Gold:   0          SH:  5    Dex: 16    Spells: 2/2 levels left

rFire   . . .      SeeInvis .   r - +2 scimitar (vamp)
rCold   . . .      Faith    .   c - +0 buckler
rNeg    . . .      Spirit   .   p - +1 chain mail
rPois   .          Reflect  .   q - +0 helmet
rElec   .          Harm     .   (no cloak)
rCorr   .          Rampage  .   (no gloves)
Will    .....      NoTele   +   (no boots)
Stlth   ..........              (no amulet)
HPRegen 0.08/turn               n - +3 ring of dexterity
MPRegen 0.09/turn               o - +2 ring of protection

@: no status effects
A: high MP 1, forlorn, divine attributes
a: no special abilities


You were in the Dungeon.
You visited 1 branch

Inventory:

Hand Weapons
 r - a +2 vampiric scimitar (weapon)
Armour
 c - a +0 buckler (worn)
 p - a +1 chain mail (worn)
 q - a +0 helmet (worn)
Jewellery
 n - a +3 ring of dexterity (left hand)
 o - a +2 ring of protection (right hand)
Wands
 m - a wand of acid (10)
Scrolls
 j - 2 scrolls of blinking
 l - 2 scrolls of amnesia
Potions
 d - a potion of might
 e - 5 potions of curing
 f - a potion of invisibility
 g - a potion of haste
 h - 4 potions of magic
 i - a potion of berserk rage
 k - 2 potions of heal wounds


   Skills:
 * Level 3.5 Fighting
 * Level 2.4 Long Blades
 * Level 3.7 Armour
 * Level 0.9 Dodging
 * Level 1.0 Stealth
 * Level 3.8 Shields
 * Level 0.8 Spellcasting


You had 2 spell levels left.
You didn't know any spells.
Your spell library was empty.

Dungeon Overview and Level Annotations

Branches:
Dungeon (1/1)


Innate Abilities, Weirdness & Mutations

You have an increased reservoir of magic. (+10% MP)
You shall have no god before yourself.
Your divine heritage dramatically boosts your attributes as you level up.


Message History

You see here a +0 helmet.
You see here a +0 helmet.
q - a +0 helmet
Items here: )))))).
r - a +2 vampiric scimitar You feel a sense of dread.
r - a +2 vampiric scimitar (weapon)
You drop a +0 long sword.
You start removing your armour.
You continue taking off your +0 scale mail. x4
You finish taking off your +0 scale mail.
You start putting on your armour.
You continue putting on your +1 chain mail. x5
You finish putting on your +1 chain mail.
You start putting on your armour.
You continue putting on your +0 helmet. x4
You finish putting on your +0 helmet.
You drop a +0 scale mail.
You feel agile.
n - a +3 ring of dexterity (left hand)
o - a +2 ring of protection (right hand)
You see here a +0 helmet.
You open the door.
A kobold brigand, a hornet, an orc wizard, a howler monkey, a centaur and a troll come into view.
The kobold brigand is wielding a +0 short sword and quivering poisoned darts.
The kobold brigand shouts!
The hornet buzzes angrily.
The orc wizard shouts!
The howler monkey howls!
The centaur shouts!
The troll shouts!
Unknown command.
You barely miss the troll. The troll bites you!
The troll completely misses you. The troll claws you.
The howler monkey hoots and howls with incredible vigour!
The troll bites you but does no damage. The troll claws you!
* * * LOW HITPOINT WARNING * * *
You block the troll's attack.
You hear an angry hiss.
You slash the troll!
The troll is heavily wounded.
The howler monkey hoots and howls with incredible vigour!
The troll barely misses you. The troll claws you but does no damage.
The troll claws you!
You die... ▓▓▓▓▓▓▓▓▓▓▓▓▓▓▓▓▓▓▓▓▓▓▓▓ .KyohcT@..[[))..'_______ ▓▓▓▓▓▓▓▓▓▓▓▓▓▓▓▓▓▓▓▓▓▓▓▓

You could see a troll, a hornet, a kobold brigand, a centaur, a howler monkey (catching breath) and an orc wizard.

Vanquished Creatures
  A gnoll (D)
  A white imp (D)
  A bat skeleton (D)
  A bat zombie (D)
  An endoplasm (D)
  A goblin (D)
  A hobgoblin (D)
  A ball python zombie (D)
  A frilled lizard (D)
  A rat (D)
10 creatures vanquished.

Notes
Turn   | Place    | Note
-------+----------+-------------------------------------------
     0 | D        | DungeonDestroyer the Demigod Fighter began the quest for
                  | the Orb.
     0 | D        | Reached XP level 1. HP: 18/18 MP: 3/3
   156 | D        | Reached XP level 2. HP: 16/26 MP: 4/4
   159 | D        | Reached skill level 1 in Stealth
   456 | D        | Noticed a kobold brigand
   456 | D        | Noticed a hornet
   456 | D        | Noticed a howler monkey
   456 | D        | Noticed a centaur
   456 | D        | Noticed a troll
   458 | D        | Slain by a troll

Illustrated notes

Levels and vault maps discovered:
D:        linesprint [early_d, line_temple, items_1, d_10, items_2, lair_1,
          lair_end, items_3, orc_1, orc_end, items_4, d_15, swamp_1, shoals_1,
          snake_1, spider_1, d_20, vaults_1, items_5, swamp_end, shoals_end,
          snake_end, spider_end, vaults_end, d_27, items_6, zot_1, zot_end,
          crypt_end, forest_end, elf_end, slime_end, tomb_end, abyss_end,
          pan_hell_end]

Skill      XL: |  1  2 |
---------------+-------+-----
Fighting       | 3 |  3.5
Armour         | 3 |  3.7
Shields        | 3 |  3.8
Long Blades    | 2 |  2.4
Stealth        | 1 |  1.0
Dodging        | |  0.9
Spellcasting   | |  0.8

Action                   || total
-------------------------++-------
Melee: Long sword        ||    39
       Scimitar          ||     2
  Use: Potion            ||     1
Armor: Scale mail        ||    26
       Chain mail        ||     2
Dodge: Dodged            ||    22
Block: Buckler           ||     7
